 Dungeon Crawl Stone Soup version 0.26-a0-651-gb41185065b (webtiles) character file.

Game seed: 8314464183111353944

12618 raph the Slinger (level 12, -10/79 HPs)
             Began as a Halfling Hunter on Oct 18, 2020.
             Was a Believer of the Shining One.
             Splashed by an oklob plant's acid (14 damage)
             ... on level 2 of the Lair of Beasts.
             The game lasted 00:34:11 (14597 turns).

raph the Slinger (Halfling Hunter)                 Turns: 14597, Time: 00:34:11

Health: -10/79     AC: 16    Str: 13    XL:     12   Next: 22%
Magic:  16/16      EV: 16    Int:  9    God:    the Shining One [**....]
Gold:   709        SH:  7    Dex: 20    Spells: 11/11 levels left

rFire    + + .     SeeInvis .   a - +2 hunting sling (freeze)
rCold    . . .     Faith    .   r - +0 buckler (curse)
rNeg     + . .     Spirit   .   x - +2 fire dragon scales
rPois    .         Reflect  .   o - +2 helmet
rElec    .         Harm     .   (no cloak)
rCorr    .         Rampage  .   K - +2 pair of gloves
MR       .....                  f - +0 pair of boots
Stlth    +.........             (no amulet)
HPRegen  0.23/turn              H - ring of protection from cold
MPRegen  0.15/turn              (no ring)

@: corroded, glowing
A: small, mutation resistance 1
a: Divine Shield, Renounce Religion


You were on level 2 of the Lair of Beasts.
You worshipped the Shining One.
The Shining One was pleased with you.
You visited 3 branches of the dungeon, and saw 12 of its levels.

You collected 709 gold pieces.

Inventory:

Hand Weapons
 a - a +2 hunting sling of freezing (weapon)
 b - a +1 short sword of electrocution
 d - a +0 short sword
 s - a +3 hunting sling
 A - a +2 short sword of holy wrath
Missiles
 h - 140 stones (quivered)
 i - 8 curare-tipped darts
 j - 37 poisoned darts
 p - 8 datura-tipped darts
 B - 42 sling bullets
Armour
 f - a +0 pair of boots (worn)
 o - a +2 helmet (worn)
 r - a cursed +0 buckler (worn)
 x - +2 fire dragon scales (worn)
 E - the +5 leather armour of Words of Power {Rampage}
   (You found it on level 7 of the Dungeon)

   It bestows one free step when moving towards enemies.
 K - a +2 pair of gloves (worn)
Jewellery
 H - a ring of protection from cold (left hand)
 J - an uncursed ring of fire
Wands
 m - a wand of acid (9)
 t - a wand of disintegration (24)
 D - a wand of flame (15)
 N - a wand of iceblast (10)
Scrolls
 c - a scroll of fear
 e - 6 scrolls of remove curse
 g - 4 scrolls of identify
 l - 9 scrolls of teleportation
 y - 2 scrolls of amnesia
 F - a scroll of fog
 G - a scroll of blinking
Potions
 k - a potion of might
 n - 6 potions of curing
 q - a potion of invisibility
 u - a potion of ambrosia
 v - 2 potions of heal wounds
 w - 2 potions of stabbing
 z - a potion of magic
 C - a potion of flight
 I - a potion of lignification
 M - 2 potions of haste
Miscellaneous
 L - a phantom mirror


   Skills:
 + Level 6.2 Fighting
 + Level 11.2 Short Blades
 - Level 12.0 Slings
 + Level 7.0 Armour
 + Level 7.6 Dodging
 + Level 6.5 Stealth
 * Level 4.3 Shields
 + Level 5.9 Invocations


You had 11 spell levels left.
You didn't know any spells.
Your spell library contained the following spells:

 Spells                   Type           Power        Failure   Level
 Magic Dart               Conj           #...         93%         1
 Sting                    Tmut/Pois      #...         93%         1
 Poisonous Vapours        Pois/Air       #.....       98%         2
 Searing Ray              Conj           #.....       98%         2
 Confusing Touch          Hex            #.......     100%        3
 Dazzling Flash           Conj/Hex       #.....       100%        3
 Gell's Gravitas          Tloc           #.........   100%        3
 Ignite Poison            Fire/Tmut/Pois #.......     100%        3
 Mephitic Cloud           Conj/Pois/Air  #.......     100%        3
 Fulminant Prism          Conj/Hex       #.........   100%        4
 Iskenderun's Mystic Bla  Conj/Tloc      #.......     100%        4
 Olgreb's Toxic Radiance  Pois           #.......     100%        4
 Petrify                  Tmut/Erth      #.......     100%        4
 Metabolic Englaciation   Hex/Ice        #.........   100%        5
 Yara's Violent Unravell  Hex/Tmut       #.........   100%        5


Dungeon Overview and Level Annotations

Branches:
Dungeon (8/15)             Temple (1/1) D:6            Lair (3/6) D:8
  Snake (0/4) Lair:2
  Swamp: Lair:2-4    Shoals: Lair:2-4

Altars:
Ashenzari
Cheibriados
Dithmenos
Elyvilon
Fedhas
Gozag
Hepliaklqana
Kikubaaqudgha
Makhleb
Nemelex Xobeh
Okawaru
Qazlal
Ru
Sif Muna
Trog
Uskayaw
Vehumet
Wu Jian
Xom
Yredelemnul
Zin
The Shining One

Annotations:
Lair:2 exclusion: 2 oklob plants


Innate Abilities, Weirdness & Mutations

You are small and have problems with some larger weapons.
You are somewhat resistant to further mutation.


Message History

The oklob plant is severely damaged.
Firing (i - inventory. (/) - cycle)
h - 141 stones (quivered)
Press: ? - help, Shift-Dir - straight line, f/p - oklob plant
Aim: an oklob plant (severely damaged)
You shoot a stone.
The stone hits the oklob plant but does no damage.
The oklob plant is severely damaged.
The oklob plant spits acid at you.
The splash of acid hits you but does no damage.
You are splashed with acid!
* * * LOW HITPOINT WARNING * * *
The oklob plant spits acid at you.
The splash of acid hits you but does no damage.
You are splashed with acid!
* * * LOW HITPOINT WARNING * * *
The oklob plant spits acid at you. The splash of acid hits you!
The Shining One protects you from harm!
You are splashed with acid!
You die... ......## .......# .....P## ### .....## ####### ##.## ...### PPPPPP#

#.#.# ..## ≈≈≈≈≈≈# ##..#
.## ≈....≈# ##...# ##
......####....# #
###.......@#.....#
#.'.......>#.....# ####
#.#.......>#.....# ...#
#.#......###.....#
..P####.#≈....≈# #.....#
...#....#≈≈≈≈≈≈# #...###
...P...P#PPPPPP# #..#..#
.......###########.#####
......###.(##......#


You could see 2 oklob plants.

Vanquished Creatures
  A hydra (Lair:2)
  5 cane toads
  3 komodo dragons
  Prince Ribbit (D:8)
  11 blink frogs
  2 hippogriffs
  A wyvern (Lair:1)
  6 yaks
  2 basilisks (Lair:2)
  A naga (Lair:2)
  6 water moccasins
  3 porcupines
  Duvessa (D:4)
  A black bear (Lair:1)
  4 sky beasts
  An ice beast (D:5)
  2 phantoms (D:4)
  A hornet zombie (D:5)
  7 wolves
  An eye of draining (D:5)
  8 ogres
  3 crocodiles
  A big kobold (D:7)
  5 bullfrogs
  Dowan (D:4)
  3 scorpions
  8 killer bees
  2 howler monkeys
  4 electric eels (Lair:1)
  A bullfrog zombie (D:6)
  2 hounds
  10 orc priests
  3 jellies
  7 orc wizards
  4 iguanas
  2 worker ants
  A howler monkey zombie (D:5)
  A worker ant zombie (D:8)
  8 adders
  3 gnolls (D:2)
  2 shadow imps
  2 white imps
  2 ufetubi
  3 oozes
  An adder skeleton (D:7)
  2 worms
  2 dart slugs
  13 leopard geckos
  35 orcs
  A ball python (D:1)
  7 bats
  7 giant cockroaches
  5 goblins
  8 hobgoblins
  7 jackals
  2 quokkas
  7 frilled lizards
  A jackal skeleton (D:4)
  A jackal zombie (D:5)
  14 kobolds
  A leopard gecko skeleton (D:4)
  A quokka skeleton (D:4)
  5 rats
266 creatures vanquished.

Vanquished Creatures (others)
  5 fungi
  36 plants
  5 toadstools (D:2)
46 creatures vanquished.

Grand Total: 312 creatures vanquished

Notes
Turn   | Place    | Note
-------+----------+-------------------------------------------
     0 | D:1      | raph the Halfling Hunter began the quest for the Orb.
     0 | D:1      | Reached XP level 1. HP: 14/14 MP: 1/1
    17 | D:1      | Reached skill level 6 in Slings
    89 | D:1      | Reached XP level 2. HP: 3/19 MP: 2/2
   895 | D:1      | Reached XP level 3. HP: 21/24 MP: 3/3
  1203 | D:2      | Reached skill level 1 in Short Blades
  1466 | D:2      | Reached skill level 7 in Slings
  1466 | D:2      | Reached XP level 4. HP: 29/29 MP: 4/4
  2214 | D:2      | Found a faded altar of an unknown god.
  2214 | D:2      | You fall into a shaft and drop 2 floors!
  2215 | D:4      | Noticed a phantom
  2229 | D:4      | Noticed a phantom
  2254 | D:4      | Noticed an ogre
  2265 | D:5      | Entered Level 5 of the Dungeon
  2270 | D:5      | Reached XP level 5. HP: 20/34 MP: 5/5
  2420 | D:5      | Noticed a sky beast
  2462 | D:4      | Noticed an ogre
  2495 | D:2      | Reached skill level 8 in Slings
  2977 | D:2      | Reached XP level 6. HP: 37/39 MP: 6/6
  3844 | D:4      | Noticed an ogre
  3854 | D:4      | Killed an ogre
  3854 | D:4      | Reached skill level 5 in Short Blades
  3854 | D:4      | Reached skill level 9 in Slings
  3854 | D:4      | Reached XP level 7. HP: 33/44 MP: 7/7
  4318 | D:4      | Reached skill level 10 in Slings
  4318 | D:4      | Reached XP level 8. HP: 50/50 MP: 8/8
  4884 | D:4      | Noticed Duvessa
  4884 | D:4      | Noticed Dowan
  4904 | D:4      | Killed Duvessa
  4915 | D:4      | Killed Dowan
  4915 | D:4      | Reached skill level 11 in Slings
  5726 | D:5      | Reached XP level 9. HP: 44/54 MP: 9/9
  5821 | D:5      | Reached skill level 1 in Armour
  5944 | D:5      | Reached skill level 12 in Slings
  6385 | D:6      | Identified a scroll of acquirement
  6385 | D:6      | Acquired a +1 hunting sling of freezing
  6811 | D:6      | Found a staircase to the Ecumenical Temple.
  6826 | Temple   | Entered the Ecumenical Temple
  6933 | Temple   | Became a worshipper of the Shining One
  7286 | D:6      | Reached skill level 1 in Invocations
  7739 | D:7      | Reached * piety under the Shining One
  7898 | D:7      | Reached XP level 10. HP: 56/63 MP: 11/11
  8192 | D:7      | Got an encrusted leather armour
  8203 | D:7      | Identified the +5 leather armour of Words of Power
                  | {Rampage} (You found it on level 7 of the Dungeon)
  8805 | D:8      | Noticed Prince Ribbit
  8821 | D:8      | Killed Prince Ribbit
  8821 | D:8      | Reached skill level 5 in Dodging
  9718 | D:8      | Found an opulent altar of Gozag.
  9829 | D:8      | Found a staircase to the Lair.
  9838 | D:8      | Noticed a komodo dragon
  9866 | D:8      | Killed a komodo dragon
  9866 | D:8      | Reached skill level 10 in Short Blades
  9974 | Lair:1   | Entered Level 1 of the Lair of Beasts
  9974 | Lair:1   | Noticed a komodo dragon
 10107 | D:8      | Killed a komodo dragon
 10107 | D:8      | Reached skill level 5 in Armour
 10919 | Lair:1   | Noticed a komodo dragon
 10934 | Lair:1   | Killed a komodo dragon
 10934 | Lair:1   | Reached XP level 11. HP: 70/70 MP: 14/14
 10978 | Lair:1   | Reached skill level 5 in Fighting
 11104 | Lair:1   | Reached skill level 5 in Stealth
 11168 | Lair:1   | Reached skill level 5 in Invocations
 11921 | Lair:1   | Reached ** piety under the Shining One
 11928 | Lair:1   | Reached skill level 1 in Shields
 12996 | Lair:2   | Found a staircase to the Snake Pit.
 13043 | Lair:2   | Reached XP level 12. HP: 79/79 MP: 16/16
 13862 | Lair:2   | Noticed a five-headed hydra
 13879 | Lair:2   | Killed a five-headed hydra
 14597 | Lair:2   | The Shining One protects you from harm!
 14597 | Lair:2   | Splashed by an oklob plant's acid

Illustrated notes

Levels and vault maps discovered:
D:1:      mrwooster_arrival_statue_2, layout_rooms, minmay_tromino_i2
D:2:      layout_loops_ring, chequers_ecumenical_altar_island,
          minmay_gold_behind_fungi
D:3:      layout_rooms, serial_bayou_lagoon_a
D:4:      layout_loops_cross, uniq_duvessa
D:5:      layout_rooms, serial_rivers, chequers_serial_rivers_small_b,
          chequers_serial_rivers_micro_d, chequers_serial_rivers_large_b,
          chequers_serial_rivers_micro_b, chequers_serial_rivers_micro_d,
          chequers_serial_rivers_marsh
D:6:      layout_loops_cross, temple_statues
D:7:      minmay_angry_zag, layout_basic, minmay_lizard_king
D:8:      layout_basic, nicolae_gozag_seed_capital, david_lair_shrubbed,
          uniq_prince_ribbit1
Temple:   kilobyte_greek_temple
Lair:1:   statuecave_lemuel, layout_gridlike, serial_bayou_shore_b
Lair:2:   dpeg_oklob_gauntlet, layout_hall_layers, guppyfry_snake_entry_island
Lair:3:   layout_misc_corridors, swamp_mist

Skill      XL: |  1  2  3  4  5  6  7  8  9 10 11 12 |
---------------+-------------------------------------+-----
Slings         | 6 7 8 9 10 11 12 | 12.0
Short Blades   | 1 2 3 5 6 8 9 10 11 | 11.2
Fighting       | 3 4 6 |  6.2
Armour         | 3 5 6 7 |  7.0
Dodging        | 4 6 7 |  7.6
Invocations    | 1 4 5 |  5.9
Stealth        | 4 6 |  6.5
Shields        | 3 4 |  4.3

Action                   |  1- 3 |  4- 6 |  7- 9 | 10-12 || total
-------------------------+-------+-------+-------+-------++-------
Melee: Short sword       |    92 |   142 |   267 |   263 ||   764
 Fire: Hunting sling     |    15 |   116 |   216 |   358 ||   705
Throw: Dart              |       |     2 |     9 |     1 ||    12
       Stone             |       |       |     1 |       ||     1
Evoke: Wand              |       |       |       |     2 ||     2
  Use: Scroll            |     3 |     9 |     8 |    10 ||    30
Armor: Leather armour    |    23 |       |       |    18 ||    41
       Ring mail         |     1 |       |       |       ||     1
       Scale mail        |    11 |    72 |    23 |       ||   106
       Fire dragon scale |       |       |    63 |    56 ||   119
Dodge: Dodged            |   101 |   101 |   115 |   153 ||   470
Block: Buckler           |       |       |       |    26 ||    26

Table legend: (Time is in decaauts)
 A = Elapsed time spent in this place.
 B = Non-inter-level travel time spent in this place.
 C = Inter-level travel time spent in this place.
 D = Time resting spent in this place.
 E = Time spent auto-exploring this place.
 F = Levels seen in this place.
 G = Mean time per level.
                   A        B        C        D        E       F      G
               +--------+--------+--------+--------+--------+-----+--------+
         Total |  14145 |  13876 |    269 |   5412 |   4958 |  12 | 1178.8 |
       Dungeon |   9855 |   9705 |    150 |   3994 |   3246 |   8 | 1231.9 |
        Temple |    139 |    108 |     31 |      0 |     91 |   1 |  139.0 |
          Lair |   4150 |   4062 |     88 |   1418 |   1620 |   3 | 1383.3 |
               +--------+--------+--------+--------+--------+-----+--------+

Top non-repeatable levels by time:
  Lair:1: 2081 daAuts
     D:4: 1634 daAuts
  Lair:2: 1626 daAuts
     D:2: 1611 daAuts
     D:8: 1400 daAuts
     D:7: 1292 daAuts
     D:5: 1163 daAuts
     D:1: 1115 daAuts
     D:6: 916 daAuts
     D:3: 720 daAuts
  Lair:3: 443 daAuts
  Temple: 139 daAuts
